 Dungeon Crawl Stone Soup version 0.21.0-3-g78d12a8bdd (webtiles) character file.

631 Peloso the Slasher (level 7, 0/61 HPs)
             Began as a Minotaur Fighter on Jan 12, 2018.
             Succumbed to an orc wizard's poison
             ... on level 4 of the Dungeon.
             The game lasted 00:09:37 (3820 turns).

Peloso the Slasher (Minotaur Fighter)               Turns: 3820, Time: 00:09:38

Health: 0/61       AC: 10    Str: 21    XL:     7   Next: 24%
Magic:  6/6        EV:  9    Int:  5    God:
Gold:   250        SH: 11    Dex: 11    Spells: 6/6 levels left

rFire    . . .     SeeInvis .   a - +0 long sword
rCold    . . .     Gourm    .   c - +1 shield
rNeg     . . .     Faith    .   b - +0 scale mail
rPois    .         Spirit   .   (helmet restricted)
rElec    .         Reflect  .   (no cloak)
rCorr    .         Harm     .   m - +2 pair of gloves
MR       .....                  (no boots)
Stlth    ..........             (no amulet)
HPRegen  0.20/turn              (no ring)
MPRegen  0.10/turn              (no ring)

@: lethally poisoned (0 -> -25), slowed, very slow
A: retaliatory headbutt, horns 2
a: no special abilities


You were on level 4 of the Dungeon.
You were hungry.

You visited 1 branch of the dungeon, and saw 4 of its levels.
You also visited: Sewer.

You collected 250 gold pieces.

Inventory:

Hand Weapons
 a - a +0 long sword (weapon)
Armour
 b - a +0 scale mail (worn)
 c - a +1 shield (worn)
 l - a +0 pair of gloves
 m - a +2 pair of gloves (worn)
Scrolls
 d - a scroll of enchant armour
 g - a scroll of immolation {unknown}
 i - a scroll of identify
 n - 2 scrolls of fog {unknown}
 o - 2 scrolls of teleportation
Potions
 e - a potion of haste
 h - a potion of curing
 j - 5 potions of flight
 k - 2 potions of invisibility {unknown}
 r - a potion of heal wounds
 s - 2 potions of agility {unknown}
 u - a potion of resistance {unknown}
Books
 p - a book of Misfortune

   Spells                             Type                      Level
   a - Confusing Touch                Hexes                        1
   b - Confuse                        Hexes                        3
   c - Gell's Gravitas                Translocation                3
   d - Petrify                        Transmutation/Earth          4
   e - Metabolic Englaciation         Hexes/Ice                    5
   f - Yara's Violent Unravelling     Hexes/Transmutation          5
Comestibles
 f - 8 rations


   Skills:
 + Level 5.6 Fighting
 + Level 5.7 Long Blades
 + Level 5.1 Armour
 + Level 2.6 Dodging
 + Level 0.2 Stealth
 + Level 5.5 Shields


You had 6 spell levels left.
You didn't know any spells.

Dungeon Overview and Level Annotations

Branches:
Dungeon (4/15)
 Temple: D:4-7

Altars:
Hepliaklqana
Kikubaaqudgha
Sif Muna
Xom
Zin


Innate Abilities, Weirdness & Mutations

You reflexively headbutt those who attack you in melee.
You have a pair of horns on your head.


Message History

You block the orc wizard's attack.
You barely miss the orc wizard. You headbutt the orc wizard.
The orc wizard is heavily wounded.
* * * LOW HITPOINT WARNING * * *
You feel very sick. You block the orc wizard's attack.
The orc wizard barely misses you. You furiously retaliate!
You headbutt the orc wizard.
You kill the orc wizard!
Unknown command.
* * * LOW HITPOINT WARNING * * *
You feel very sick.
Things that are here:
a dagger of venom; a robe; an orc corpse
* * * LOW HITPOINT WARNING * * *
You feel very sick.
Unknown command.
Unknown command.
Unknown command.
You open the door.
You die...

************* ##.⌠.
***,,,*,,,,,,,# ##.#.#
*,.,,,*,*****.# ****#...#.
*,..,,*,*####.#**,..#⌠.⌠.#
*,..$##,*#....##....#._...
*,......*#...<.+....#⌠.⌠.#
*,....$.##..#'##....#...#.
*,...%..'.>.........##.#.#
*,,,,,,,#@.......#***##.⌠.
*****,,,#.)......# ##.#
*,*,#..).....# ###
*,*,#....<...#
****,*,#...%....#
*,,,,*,#........#
*,****,#........#
*,**,*,#........######
*,,,,*,#.#+###.......#


There were no monsters in sight!

Vanquished Creatures
  The ghost of Livsi the Skirmisher, an amateur HuBe of Trog (D:3)
  A bullfrog (D:4)
  A hound (D:4)
  3 orc priests
  2 orc wizards
  Jessica (D:3)
  A worker ant (D:4)
  3 adders
  6 oozes
  An adder skeleton (D:4)
  5 worms
  2 dart slugs
  6 leopard geckos
  10 orcs
  3 ball pythons
  2 bat skeletons (D:4)
  3 bat zombies (D:4)
  8 giant cockroaches
  9 goblins
  5 hobgoblins
  8 jackals
  15 kobolds
  A quokka (D:4)
  14 bats
  7 frilled lizards
  A leopard gecko skeleton (D:4)
  11 rats
130 creatures vanquished.

Notes
Turn   | Place    | Note
-------+----------+-------------------------------------------
     0 | D:1      | Peloso the Minotaur Fighter began the quest for the Orb.
     0 | D:1      | Reached XP level 1. HP: 19/19 MP: 0/0
   251 | D:1      | Reached XP level 2. HP: 27/27 MP: 1/1
   609 | D:1      | Reached XP level 3. HP: 33/33 MP: 2/2
  1021 | D:2      | Reached XP level 4. HP: 35/40 MP: 3/3
  1037 | D:2      | Found a hazy altar of Hepliaklqana.
  1166 | D:2      | Found a shimmering altar of Xom.
  1306 | D:3      | Noticed Livsi's ghost (amateur HuBe)
  1335 | D:3      | Killed Livsi's ghost
  1335 | D:3      | Reached skill level 1 in Dodging
  1335 | D:3      | Reached XP level 5. HP: 47/47 MP: 4/4
  1351 | D:3      | Reached skill level 5 in Shields
  1369 | D:3      | Noticed Jessica
  1382 | D:3      | Killed Jessica
  1408 | D:3      | Reached skill level 5 in Long Blades
  1567 | D:3      | Reached XP level 6. HP: 43/53 MP: 5/5
  1914 | D:3      | Found a glowing silver altar of Zin.
  2050 | D:3      | Found a deep blue altar of Sif Muna.
  2378 | D:4      | Reached skill level 5 in Fighting
  2483 | D:4      | Found an ancient bone altar of Kikubaaqudgha.
  2806 | D:4      | Found a glowing drain.
  2815 | Sewer    | Entered a sewer
  2821 | Sewer    | Reached skill level 5 in Armour
  3344 | Sewer    | Reached XP level 7. HP: 50/61 MP: 6/6
  3819 | D:4      | HP: 3/61 [poisoned by an orc wizard]
  3820 | D:4      | Succumbed to an orc wizard's poison

Skill      XL: |  1  2  3  4  5  6 |
---------------+-------------------+-----
Fighting       | 4 5 |  5.6
Shields        | 4 5 |  5.5
Armour         | 4 5 |  5.1
Long Blades    | 3 4 5 |  5.7
Dodging        | 1 2 |  2.6
Stealth        | |  0.2

Action                   |  1- 3 |  4- 6 |  7- 9 || total
-------------------------+-------+-------+-------++-------
Melee: Long sword        |   120 |   156 |    37 ||   313
       Headbutt          |    12 |    31 |     5 ||    48
  Use: Scroll            |     1 |    13 |       ||    14
       Potion            |       |     1 |       ||     1
  Eat: Chunk             |     1 |     7 |     2 ||    10
Armor: Scale mail        |    75 |    61 |    19 ||   155
Dodge: Dodged            |    44 |    66 |    10 ||   120
Block: Shield            |   101 |    98 |    31 ||   230
       Rpst.: Long sword |     8 |    21 |     2 ||    31
